 Dungeon Crawl Stone Soup version 0.18.1-8-gdd0e5ea (webtiles) character file.

1390 CyborgNinja the Bolt Thrower (level 8, -1/58 HPs)
             Began as a Demonspawn Hunter on May 23, 2016.
             Was a Follower of Okawaru.
             Slain by an orc warrior
             ... wielding a cursed -2 glaive
              (2 damage)
             ... on level 7 of the Dungeon.
             The game lasted 00:12:53 (5685 turns).

CyborgNinja the Bolt Thrower (Demonspawn Hunter)    Turns: 5685, Time: 00:12:53

Health: -1/58      AC: 12    Str: 12    XL:     8   Next: 40%
Magic:  8/8        EV: 15    Int: 14    God:    Okawaru [*.....]
Gold:   305        SH:  0    Dex: 15    Spells: 0 memorised, 7 levels left

rFire  . . .     SeeInvis .     a - +1 hand crossbow
rCold  . . .     Gourm    .     m - +0 ring mail
rNeg   . . .     Faith    .     (no shield)
rPois  .         Spirit   .     (helmet restricted)
rElec  .         Dismiss  .     B - +1 cloak
rCorr  .         Reflect  .     C - +1 pair of gloves
SustAt .         Harm     .     n - +2 pair of boots
MR     .....                    (no amulet)
Stlth  +.........               (no ring)
                                (no ring)

@: not resistant to hostile enchantments, very unstealthy
A: horns 2, demonic guardian 1, sturdy frame 2
a: Heroism, Renounce Religion


You were on level 7 of the Dungeon.
You worshipped Okawaru.
Okawaru was aware of your devotion.
You were not hungry.

You visited 2 branches of the dungeon, and saw 8 of its levels.

You collected 305 gold pieces.

Inventory:

Hand Weapons
 a - a +1 hand crossbow (weapon)
 b - a +2 dagger of venom
 i - a +1 dagger of protection
 o - a +3 trident
Missiles
 d - 42 bolts (quivered)
Armour
 e - a +0 shield
 m - a +0 ring mail (worn)
 n - a +2 pair of boots (worn)
 B - a +1 cloak (worn)
 C - a +1 pair of gloves (worn)
Wands
 l - a wand of slowing (23/48)
 v - a wand of flame (31/48)
 w - a wand of disintegration (16/24)
 y - a wand of iceblast (6/15)
Potions
 c - a potion of haste
 g - a potion of cancellation
 h - a potion of mutation {unknown}
 p - a potion of invisibility {unknown}
 q - a potion of berserk rage {unknown}
 s - a potion of magic {unknown}
 t - 3 potions of curing
 u - a potion of lignification {unknown}
 x - a potion of resistance {unknown}
 A - a potion of might
Comestibles
 f - 6 bread rations
 j - a slice of pizza
 k - 2 meat rations
 r - 2 beef jerkies
 z - 4 fruits


   Skills:
 - Level 3.0 Fighting
 + Level 7.7 Crossbows
 + Level 6.5 Dodging
 - Level 0.8 Stealth


You had 7 spell levels left.
You didn't know any spells.

Dungeon Overview and Level Annotations

Branches:
Dungeon (7/15)             Temple (1/1) D:4

Altars:
Ashenzari
Cheibriados
Dithmenos
Fedhas
Kikubaaqudgha
Makhleb
Nemelex Xobeh
Okawaru
Pakellas
Ru
Sif Muna
Trog
Vehumet
Xom
Yredelemnul
Zin

Shops:
D:5 (


Innate Abilities, Weirdness & Mutations

You have a pair of horns on your head.
A weak demonic guardian rushes to your aid.
Your movements are less encumbered by armour (ER -4).


Message History

Aim: a cyan ugly thing (heavily wounded)
You shoot a bolt. The bolt hits the cyan ugly thing!
The cyan ugly thing is heavily wounded.
Your ufetubus closely misses the cyan ugly thing.
Your ufetubus misses the cyan ugly thing.
The cyan ugly thing pecks you. The cyan ugly thing shocks you!
Your ufetubus hits the cyan ugly thing but does no damage. x2
The cyan ugly thing pecks you but does no damage.
Firing (i - inventory):
d - 43 bolts (quivered)
Press: ? - help, Shift-Dir - straight line, f/p - cyan ugly thing
Aim: a cyan ugly thing (heavily wounded)
You shoot a bolt. The bolt hits the cyan ugly thing.
The cyan ugly thing is heavily wounded.
Your ufetubus disappears in a puff of smoke!
The cyan ugly thing pecks you.
* * * LOW HITPOINT WARNING * * *
The cyan ugly thing shocks you!
* * * LOW HITPOINT WARNING * * *
The orc warrior hits you from afar with an enchanted glaive.
You die...

. .. ..
.# ..#
###...###
#@......#
#u......#
#ooo....#
#(......#
#(......#
.(o.....#
........#
.##..####


You could see a cyan ugly thing, an orc warrior, an orc priest and 2 orcs.

Vanquished Creatures
  The ghost of Hercules the Shield-Bearer, an amateur DgFi (D:3)
  2 ice beasts (D:5)
  A centaur (D:6)
  2 giant frogs (D:6)
  Dowan (D:6)
  2 scorpions
  A howler monkey (D:6)
  A crimson imp (D:6)
  A giant frog zombie (D:5)
  3 orc wizards
  A giant frog skeleton (D:4)
  3 hounds
  An orc priest (D:6)
  An iguana (D:6)
  3 worker ants
  6 adders
  An adder skeleton (D:5)
  7 worms
  3 dart slugs
  11 orcs
  2 ball pythons
  9 bats
  5 giant cockroaches
  10 hobgoblins
  15 jackals
  9 kobolds
  2 quokkas
  A giant gecko skeleton (D:6)
  A giant gecko zombie (D:5)
  4 giant newts
  5 goblins
  A quokka skeleton (D:4)
  4 rats
120 creatures vanquished.

Vanquished Creatures (collateral kills)
  Duvessa (D:6)
  An ogre (D:6)
  An orc priest (D:6)
  A giant cockroach (D:6)
4 creatures vanquished.

Grand Total: 124 creatures vanquished

Notes
Turn   | Place    | Note
--------------------------------------------------------------
     0 | D:1      | CyborgNinja the Demonspawn Hunter began the quest for the Orb.
     0 | D:1      | Reached XP level 1. HP: 16/16 MP: 1/1
   208 | D:1      | Reached skill level 4 in Crossbows
   446 | D:1      | Gained mutation: A weak demonic guardian rushes to your aid. [demonic ancestry]
   446 | D:1      | Reached XP level 2. HP: 15/22 MP: 2/2
  1300 | D:1      | Reached XP level 3. HP: 27/27 MP: 3/3
  1354 | D:2      | Found a shimmering altar of Xom.
  1403 | D:2      | Found a blossoming altar of Fedhas.
  1665 | D:2      | Gained mutation: You have a pair of small horns on your head. [demonic ancestry]
  1665 | D:2      | Reached XP level 4. HP: 34/34 MP: 4/4
  2253 | D:2      | Found a sparkling altar of Nemelex Xobeh.
  2747 | D:3      | Found a shadowy altar of Dithmenos.
  2905 | D:3      | Gained mutation: You have a pair of horns on your head. [demonic ancestry]
  2905 | D:3      | Reached XP level 5. HP: 25/41 MP: 5/5
  3245 | D:3      | Noticed Hercules's ghost (amateur DgFi)
  3257 | D:3      | Killed Hercules's ghost
  3257 | D:3      | Reached skill level 5 in Crossbows
  3257 | D:3      | Gained mutation: Your movements are slightly less encumbered by armour (ER -2). [demonic ancestry]
  3257 | D:3      | Reached XP level 6. HP: 32/47 MP: 6/6
  3669 | D:4      | Found a sacrificial altar of Ru.
  3819 | D:4      | Found a staircase to the Ecumenical Temple.
  3839 | Temple   | Entered the Ecumenical Temple
  3905 | Temple   | Became a worshipper of Warmaster Okawaru
  4006 | D:5      | Entered Level 5 of the Dungeon
  4007 | D:5      | Reached skill level 6 in Crossbows
  4253 | D:5      | Noticed an ice beast
  4263 | D:5      | Killed an ice beast
  4263 | D:5      | Reached XP level 7. HP: 52/52 MP: 7/7
  4361 | D:5      | Reached skill level 5 in Dodging
  4367 | D:5      | Found Cumulote's Antique Weapon Shop.
  4500 | D:6      | Noticed Dowan
  4503 | D:6      | Noticed Duvessa
  4524 | D:6      | Reached * piety under Okawaru
  4539 | D:6      | Killed Duvessa
  4553 | D:6      | Killed Dowan
  4553 | D:6      | Reached skill level 7 in Crossbows
  4648 | D:6      | Gained mutation: Your movements are less encumbered by armour (ER -4). [demonic ancestry]
  4648 | D:6      | Reached XP level 8. HP: 48/58 MP: 8/8
  5674 | D:7      | Noticed a cyan ugly thing
  5685 | D:7      | HP: 1/58 [cyan ugly thing (15)]
  5685 | D:7      | Slain by an orc warrior

Skill      XL: |  1  2  3  4  5  6  7  8 |
---------------+-------------------------+-----
Crossbows      | 4 5 6 7 |  7.7
Dodging        | 2 3 4 5 6 |  6.5
Fighting       | 3 |  3.0
Stealth        | |  0.8

Action                   |  1- 3 |  4- 6 |  7- 9 || total
-------------------------+-------+-------+-------++-------
Melee: Dagger            |    99 |   144 |   101 ||   344
       Short sword       |     3 |       |       ||     3
       Headbutt          |       |    32 |    22 ||    54
 Fire: Hand crossbow     |     3 |    20 |    44 ||    67
Evoke: Wand              |       |       |     1 ||     1
  Use: Scroll            |     1 |    10 |     4 ||    15
       Potion            |       |     1 |     1 ||     2
 Stab: Sleeping          |       |     1 |       ||     1
  Eat: Chunk             |     2 |     9 |     4 ||    15
Armor: Leather armour    |    30 |    21 |       ||    51
       Ring mail         |       |    16 |    24 ||    40
Dodge: Dodged            |    63 |    80 |    65 ||   208
